 Dungeon Crawl Stone Soup version 0.31-a0-963-ga325b2283a (webtiles) character file.

Game seed: 5254034882753778603

184 SkeletonJelly the Ruffian (level 5, -3/37 HPs)
             Began as a Merfolk Shapeshifter on Oct 24, 2023.
             Slain by an iguana (7 damage)
             ... on level 4 of the Dungeon.
             The game lasted 00:05:39 (2408 turns).

SkeletonJelly the Ruffian (Merfolk Shapeshifter)    Turns: 2408, Time: 00:05:40

Health: -3/37      AC:  2    Str: 17    XL:     5   Next: 64%
Magic:  14/14      EV: 12    Int:  9    God:
Gold:   151        SH:  0    Dex: 13    Spells: 4/4 levels left

rFire   . .          .
                       - Unarmed
rCold   . . .        (no shield)
rNeg    . . .        a - +0 animal skin
rPois   .            i - melded +0 helmet
rElec   .            e - melded +0 cloak
rCorr   .            (gloves currently unavailable)
SInv    .            (boots currently unavailable)
Will    .....        (no amulet)
Stlth   +            j - ring of magical power
HPRegen 0.26/turn    (no ring)
MPRegen 0.14/turn

%: no passive effects
@: beast-form
A: beast (slay +3), (nimble swimmer 2), mertail
a: Begin Untransformation


You were on level 4 of the Dungeon.
You were a hulking beast.
You visited 1 branch of the dungeon, and saw 4 of its levels.

You collected 151 gold pieces.

Inventory:

Missiles
 n - 6 poisoned darts
Armour
 a - a +0 animal skin (worn)
 e - a +0 cloak (melded)
 i - a +0 helmet (melded)
Jewellery
 b - a ring of willpower
 j - a ring of magical power (left hand)
Talismans
 c - a beast talisman (active)
 d - a flux talisman
Scrolls
 f - a scroll of vulnerability {unknown}
 g - 5 scrolls of identify {unknown}
 h - 2 scrolls of teleportation {unknown}
Potions
 k - a potion of attraction {unknown}
 l - a potion of might {unknown}
 m - 3 potions of haste {unknown}


   Skills:
 - Level 1.1 Fighting
 - Level 2.6 Dodging
 * Level 5.8 Unarmed Combat
 + Level 5.4 Shapeshifting


You had 4 spell levels left.
You didn't know any spells.
Your spell library contained the following spells:

 Spells                   Type           Power      Damage    Failure   Level
 Ensorcelled Hibernation  Hex/Ice        0%         N/A       52%         2
 Passwall                 Tmut/Erth      0%         N/A       52%         2
 Swiftness                Air            0%         N/A       77%         3
 Cause Fear               Hex            0%         N/A       99%         4
 Fireball                 Conj/Fire      0%         3d3       100%        5
 Dragon's Call            Summ           0%         N/A       100%        9


Dungeon Overview and Level Annotations

Branches:
Dungeon (4/15)
 Temple: D:4-7

Altars:


Innate Abilities, Weirdness & Mutations

You are a hulking beast.
Your limbs bulge with bestial killing power. (Slay +3)
((You are very nimble when in or above water. (Stealth+, EV+, Speed+++)))
Your lower body shifts to a powerful aquatic tail in water.


Message History

A ball python is nearby!
A ball python is nearby!
A ball python is nearby!
A ball python is nearby!
A ball python is nearby!
The ball python hisses angrily.
The ball python misses you. The ball python grabs you.
The ball python constricts you. The ball python closely misses you.
The ball python constricts you.
You take 1 damage, and have 36/37 hp.
You hit the ball python.
You kill the ball python!
No target in view!
No target in view!
No target in view!
No target in view!
No target in view!
Key pressed, stopping explore.
Key pressed, stopping explore.
Key pressed, stopping explore.
Done exploring.
Health restored: 37 Done exploring.
Done exploring.
Done exploring.
Done exploring.
Done exploring.
Done exploring.
Done exploring.
Done exploring.
No target in view!
No target in view!
No target in view!
No target in view!
No target in view!
Search for what [Enter for "."]? .
There is a stone staircase leading down here.
There is an escape hatch in the floor here.
You see here 6 poisoned darts.
n - 6 poisoned darts Done exploring.
Done exploring.
Done exploring.
Done exploring.
Done exploring.
Done exploring.
Done exploring.
Search for what [Enter for "."]? .
There is an escape hatch in the floor here.
There is a stone staircase leading down here.
You climb downwards.
There is a stone staircase leading up here.
A hobgoblin is nearby!
A hobgoblin is nearby!
You barely miss the hobgoblin. You hit the hobgoblin.
The hobgoblin is severely wounded.
The hobgoblin barely misses you.
You punch the hobgoblin!
You kill the hobgoblin!
No target in view!
No target in view!
No target in view!
No target in view!
You see here a hobgoblin corpse.
Key pressed, stopping explore.
An iguana and an endoplasm come into view.
There are monsters nearby!
There are monsters nearby!
There are monsters nearby!
There are monsters nearby!
The iguana hisses angrily.
You closely miss the iguana. The iguana bites you!
You take 10 damage, and have 27/37 hp.
MASSIVE DAMAGE!!
You hit the iguana.
The iguana is lightly wounded.
The iguana bites you.
You take 2 damage, and have 25/37 hp.
You hit the iguana but do no damage.
The iguana is lightly wounded.
The iguana bites you!
You take 10 damage, and have 15/37 hp.
MASSIVE DAMAGE!!
You are too injured to fight recklessly!
You are too injured to fight recklessly!
You are too injured to fight recklessly!
You are too injured to fight recklessly!
You are too injured to fight recklessly!
You are too injured to fight recklessly!
You barely miss the iguana.
The iguana is lightly wounded.
The iguana bites you!
* * * LOW HITPOINT WARNING * * *
You take 11 damage, and have 4/37 hp.
MASSIVE DAMAGE!!
You hit the iguana.
The iguana is lightly wounded.
The iguana barely misses you.
You hit the iguana.
The iguana is moderately wounded.
The iguana bites you!
You die...

#. .. #.#.# #.#.#
#.#.# #.#.# #.#.#
.######.#.###
......J.hl..#
##.###.#####
#......# #####..# #
###############..#.#
...................#
######.####.###..#.#
#.#.....<...#.#
#.#.#.........#


You could see an iguana and an endoplasm.

Vanquished Creatures
  A water moccasin (D:3)
  An adder (D:3)
  4 ball pythons
  6 bats
  4 endoplasms
  3 giant cockroaches
  6 goblins
  10 hobgoblins
  3 jackals (D:2)
  A quokka (D:3)
  12 frilled lizards
  7 kobolds
  4 rats
62 creatures vanquished.

Notes
Turn   | Place    | Note
-------+----------+-------------------------------------------
     0 | D:1      | SkeletonJelly the Merfolk Shapeshifter began the quest for
                  | the Orb.
     0 | D:1      | Reached XP level 1. HP: 15/15 MP: 1/1
   134 | D:1      | Found a faded altar of an unknown god.
   261 | D:1      | Reached XP level 2. HP: 11/21 MP: 2/2
   946 | D:2      | Reached XP level 3. HP: 26/26 MP: 3/3
  1795 | D:3      | Reached XP level 4. HP: 30/32 MP: 4/4
  1884 | D:3      | Noticed a water moccasin
  1892 | D:3      | Killed a water moccasin
  1893 | D:3      | Reached skill level 5 in Unarmed Combat
  1893 | D:3      | Reached skill level 5 in Shapeshifting
  1893 | D:3      | Reached XP level 5. HP: 27/37 MP: 5/5
  2408 | D:4      | Slain by an iguana

Illustrated notes

Levels and vault maps discovered:
D:1:      roderic_dead_forest, layout_loops_ring,
          shapermc_ecumenical_altar_totnotflames, minmay_lizard_king
D:2:      layout_basic
D:3:      layout_loops_ring
D:4:      layout_basic, mainiacjoe_overflow_six_doors_small,
          kennysheep_little_box, serial_shops, nicolae_shop_tiny_waterfront,
          serial_bayou_ford_a, grunt_decor_resistance

Skill      XL: |  1  2  3  4 |
---------------+-------------+-----
Unarmed Combat | 4 5 |  5.8
Shapeshifting  | 5 |  5.4
Fighting       | |  1.1
Dodging        | |  2.6

Action                     |  1- 3 |  4- 6 || total
---------------------------+-------+-------++-------
  Melee: Unarmed           |   112 |    26 ||   138
         Punch             |     4 |       ||     4
    Use: Potion            |       |     1 ||     1
   Stab: Sleeping          |     1 |       ||     1
 Armour: Animal skin       |    59 |    13 ||    72
         Skin              |       |     2 ||     2
  Dodge: Dodged            |    62 |     9 ||    71
   Form: Beast             |     4 |       ||     4
                           |     2 |       ||     2
         Flux              |     1 |       ||     1

Table legend: (Time is in decaauts)
 A = Elapsed time spent in this place.
 B = Non-inter-level travel time spent in this place.
 C = Inter-level travel time spent in this place.
 D = Time resting spent in this place.
 E = Time spent auto-exploring this place.
 F = Levels seen in this place.
 G = Mean time per level.
                   A        B        C        D        E       F      G
               +--------+--------+--------+--------+--------+-----+--------+
         Total |   2396 |   2288 |    108 |      0 |   1915 |   4 |  599.0 |
       Dungeon |   2396 |   2288 |    108 |      0 |   1915 |   4 |  599.0 |
               +--------+--------+--------+--------+--------+-----+--------+

Top non-repeatable levels by time:
     D:1: 941 daAuts
     D:3: 740 daAuts
     D:2: 656 daAuts
     D:4: 57 daAuts
